 Dungeon Crawl Stone Soup version 0.30.1-3-gfc49f6343a (webtiles) character file.

Game seed: 10777612757619995021

42 H0rd4k the Charlatan (level 3, -1/26 HPs)
             Began as a Human Artificer on Aug 2, 2023.
             Slain by a gnoll
             ... wielding a +0 club
              (3 damage)
             ... on level 2 of the Dungeon.
             The game lasted 00:00:57 (1048 turns).

H0rd4k the Charlatan (Human Artificer)              Turns: 1048, Time: 00:00:57

Health: -1/26      AC:  3    Str: 12    XL:     3   Next: 77%
Magic:  3/3        EV: 11    Int: 13    God:
Gold:   48         SH:  0    Dex: 13    Spells: 2/2 levels left

rFire   . . .        k - +2 dagger (speed)
rCold   . . .        (no shield)
rNeg    . . .        b - +0 leather armour
rPois   .            (no helmet)
rElec   .            (no cloak)
rCorr   .            (no gloves)
SInv    .            (no boots)
Will    .....        (no amulet)
Stlth   +            (no ring)
HPRegen 0.24/turn    (no ring)
MPRegen 0.08/turn

%: no passive effects
@: no status effects
A: no striking features
a: no special abilities


You were on level 2 of the Dungeon.
You visited 1 branch of the dungeon, and saw 2 of its levels.

You collected 48 gold pieces.

Inventory:

Hand Weapons
 k - a +2 dagger of speed (weapon)
Missiles
 a - 2 datura-tipped darts
Armour
 b - a +0 leather armour (worn)
Wands
 c - a wand of flame (12) (quivered)
 d - a wand of charming (14)
 e - a wand of iceblast (5)
Scrolls
 f - a scroll of enchant armour {unknown}
 g - a scroll of teleportation {unknown}
 i - a scroll of amnesia {unknown}
 l - a scroll of brand weapon {unknown}
 m - a scroll of blinking {unknown}
Potions
 h - a potion of brilliance {unknown}
 j - a potion of berserk rage {unknown}


   Skills:
 + Level 1.3 Fighting
 + Level 0.5 Short Blades
 - Level 2.0 Armour
 + Level 1.2 Dodging
 + Level 1.0 Stealth
 + Level 4.1 Evocations


You had 2 spell levels left.
You didn't know any spells.
Your spell library was empty.

Dungeon Overview and Level Annotations

Branches:
Dungeon (2/15)

Altars:


Message History

A frilled lizard is nearby!
A frilled lizard is nearby!
You barely miss the frilled lizard. The frilled lizard closely misses you.
A frilled lizard is nearby!
You hit the frilled lizard.
You kill the frilled lizard!
No target in view!
m - a scroll labelled FUEXUU QYMI A gnoll comes into view.
It is wielding a +0 halberd.
The gnoll shouts!
You hear a shout!
A gnoll comes into view. It is wielding a +0 club.
Found a stone staircase leading down.
The gnoll shouts!
The gnoll moves out of view.
A gnoll comes into view. It is wielding a +0 halberd.
A gnoll is nearby!
A gnoll is nearby!
The gnoll hits you from afar with a +0 halberd!
Aiming: Charm
Press: ? - help, Shift-Dir - straight line, f - gnoll
Aim: a gnoll, wielding a +0 halberd (chance to affect: 67%)
The gnoll is charmed.
Unknown command.
What are your orders? t - Shout!
Orders for allies: a - Attack new target. p - Attack previous target. r - Retreat! s - Stop attacking. g - Guard the area. f - Follow me.
Anything else - Cancel.
Guard this area!
Your gnoll barely misses the gnoll.
The gnoll closely misses your gnoll.
You swap places.
Your gnoll barely misses the gnoll.
The gnoll hits you with a +0 club. The gnoll closely misses you.
Your gnoll barely misses the gnoll.
The gnoll barely misses you. The gnoll hits you with a +0 club.
You barely miss the gnoll.
Your gnoll barely misses the gnoll.
The gnoll hits you from afar with a +0 halberd!
* * * LOW HITPOINT WARNING * * *
The gnoll hits you with a +0 club.
You die...

##......#
#......#####
#..........#.#
####+#.......#
# #....####
#.#.#+######..
#......#.....
###......#
#.$.#g.@#
#.....#g#
#...###.g#
#...# #...>
#...# ######
#####


You could see 2 gnolls and a friendly gnoll (charmed).

Vanquished Creatures
  A gnoll (D:1)
  An adder (D:2)
  A bat (D:1)
  2 endoplasms (D:1)
  A giant cockroach (D:1)
  4 goblins
  2 jackals (D:1)
  A quokka (D:2)
  A ball python (D:2)
  3 frilled lizards
  4 kobolds (D:1)
  A rat (D:1)
22 creatures vanquished.

Notes
Turn   | Place    | Note
-------+----------+-------------------------------------------
     0 | D:1      | H0rd4k the Human Artificer began the quest for the Orb.
     0 | D:1      | Reached XP level 1. HP: 15/15 MP: 1/1
   311 | D:1      | Reached XP level 2. HP: 20/21 MP: 2/2
   740 | D:1      | Reached XP level 3. HP: 6/26 MP: 3/3
   958 | D:2      | Reached skill level 4 in Evocations
  1048 | D:2      | Slain by a gnoll

Illustrated notes

Levels and vault maps discovered:
D:1:      dpeg_arrival_circle_labyrinth_c, layout_basic
D:2:      layout_basic, nicolae_ecumenical_oubliette

Skill      XL: |  1  2  3 |
---------------+----------+-----
Evocations     | 4 |  4.1
Fighting       | |  1.3
Short Blades   | |  0.5
Armour         | |  2.0
Dodging        | |  1.2
Stealth        | |  1.0

Action                     || total
---------------------------++-------
  Melee: Dagger            ||    99
         Club              ||     6
  Evoke: Wand              ||     4
   Stab: Sleeping          ||     1
 Armour: Leather armour    ||    17
  Dodge: Dodged            ||    49
